 Dungeon Sprint DCSS version 0.29.1-2-gbd0b4ee654 (webtiles) character file.

Game seed: 7645805944501862940

688 ChickenMitten the Carver (level 7, -1/79 HPs)
             Began as a Minotaur Berserker on Nov 14, 2022.
             Was a High Priest of Trog.
             Slain by a wight
             ... wielding a +1 mace
              (4 damage)
             ... in the Dungeon (Sprint IX: "|||||||||||||||||||||||||||||").
             The game lasted 00:01:10 (340 turns).

ChickenMitten the Carver (Minotaur Berserker)        Turns: 340, Time: 00:01:10

Health: -1/79      AC:  5    Str: 26    XL:     7   Next: 36%
Magic:  6/6        EV: 12    Int:  4    God:    Trog [*****.]
Gold:   0          SH:  0    Dex: 13    Spells: 6/6 levels left

rFire   . . .      SeeInvis .   k - +2 scimitar (flame)
rCold   . . .      Faith    .   (no shield)
rNeg    . . .      Spirit   .   b - +0 animal skin
rPois   .          Reflect  .   (helmet restricted)
rElec   .          Harm     .   m - +0 cloak
rCorr   .          Rampage  .   l - +0 pair of gloves
Will    .....      NoTele   +   (no boots)
Stlth   +.........              (no amulet)
HPRegen 0.23/turn               o - +3 ring of strength
MPRegen 0.10/turn               p - +3 ring of dexterity

@: on berserk cooldown, slowed, very slow
A: horns 2, retaliatory headbutt
a: Renounce Religion, Berserk, Trog's Hand, Brothers in Arms


You were in the Dungeon.
You worshipped Trog.
Trog was extremely pleased with you.
You visited 1 branch

Inventory:

Hand Weapons
 a - a +0 falchion
 k - a +2 scimitar of flaming (weapon)
Armour
 b - a +0 animal skin (worn)
 l - a +0 pair of gloves (worn)
 m - a +0 cloak (worn)
 n - a +1 scale mail of poison resistance
Jewellery
 o - a +3 ring of strength (left hand)
 p - a +3 ring of dexterity (right hand)
Wands
 j - a wand of acid (10)
Scrolls
 h - 2 scrolls of blinking
Potions
 c - 5 potions of curing
 d - 3 potions of heal wounds
 e - a potion of haste
 f - 4 potions of magic
 g - a potion of berserk rage
 i - a potion of invisibility


   Skills:
 * Level 13.1 Fighting
 * Level 13.2 Long Blades
 * Level 7.0 Armour
 - Level 2.1 Dodging


You had 6 spell levels left.
You didn't know any spells.
Your spell library was empty.

Dungeon Overview and Level Annotations

Branches:
Dungeon (1/1)

Altars:
Cheibriados
Dithmenos
Elyvilon
Fedhas
Gozag
Hepliaklqana
Kikubaaqudgha
Makhleb
Nemelex Xobeh
Okawaru
Qazlal
Ru
Sif Muna
Trog
Uskayaw
Vehumet
Wu Jian
Xom
Yredelemnul
Zin
The Shining One
Jiyva
Lugonu


Innate Abilities, Weirdness & Mutations

You have a pair of horns on your head.
You reflexively headbutt those who attack you in melee.


Message History

Your Fighting skill gained 2 levels and is now at level 12!
Your Long Blades skill gained 2 levels and is now at level 12!
Your Armour skill increases to level 6!
The orc warrior barely misses you.
Items here: )) [[.
You hit the orc warrior but do no damage.
You slash the orc warrior! You burn the orc warrior.
The orc warrior is almost dead.
The orc warrior hits you with a +0 halberd!!
You closely miss the orc warrior. You headbutt the orc warrior.
You kill the orc warrior!
Trog accepts your kill.
You have reached level 7!
You are no longer berserk.
You are exhausted.
You feel yourself slow down. The acid dragon bites you!
The acid dragon claws you.
* * * LOW HITPOINT WARNING * * *
Things that are here:
a +0 halberd; a +0 plate armour You slice the acid dragon!!
You burn the acid dragon!
You kill the acid dragon!
Trog accepts your kill.
Trog will now gift you melee weapons as you gain piety.
The acid dragon scales are intact enough to wear.
Your Fighting skill increases to level 13!
Your Long Blades skill increases to level 13!
Your Armour skill increases to level 7!
You hit the wight. You burn the wight.
The wight is lightly damaged.
The wight hits you with a +1 mace!
* * * LOW HITPOINT WARNING * * *
You slash the wight! You burn the wight.
The wight is almost destroyed.
The wight hits you with a +1 mace!
* * * LOW HITPOINT WARNING * * *
You barely miss the wight.
The wight is almost destroyed.
The wight hits you with a +1 mace.
You die...

▓.▓
▓.▓
▓.▓
▓.▓
▓.▓
▓.▓
▓'▓
▓)▓
▓@▓
▓z▓
▓.▓
▓.▓
▓.▓
▓+▓


You could see a wight.

Vanquished Creatures
  A troll (D)
  An acid dragon (D)
  A water moccasin (D)
  An orc warrior (D)
  A gnoll sergeant (D)
  A jelly (D)
  2 hounds (D)
  An orc wizard (D)
  An adder (D)
  A bat (D)
  A giant cockroach (D)
  A hobgoblin (D)
  A kobold (D)
  A frilled lizard (D)
15 creatures vanquished.

Notes
Turn   | Place    | Note
-------+----------+-------------------------------------------
     0 | D        | ChickenMitten the Minotaur Berserker began the quest for
                  | the Orb.
     0 | D        | Reached XP level 1. HP: 19/19 MP: 0/0
    13 | D        | Reached ** piety under Trog
   107 | D        | Noticed a hound
   107 | D        | Noticed a hound
   107 | D        | Noticed a jelly
   107 | D        | Noticed a water moccasin
   110 | D        | Killed a hound
   111 | D        | Reached XP level 2. HP: 30/30 MP: 1/1
   111 | D        | Reached XP level 3. HP: 37/37 MP: 2/2
   115 | D        | Reached *** piety under Trog
   118 | D        | Reached XP level 4. HP: 47/47 MP: 3/3
   121 | D        | Killed a water moccasin
   122 | D        | Reached skill level 5 in Armour
   122 | D        | Reached XP level 5. HP: 46/58 MP: 4/4
   263 | D        | Found a snail-covered altar of Cheibriados.
   263 | D        | Found a shadowy altar of Dithmenos.
   263 | D        | Found a white marble altar of Elyvilon.
   263 | D        | Found a blossoming altar of Fedhas.
   263 | D        | Found an opulent altar of Gozag.
   264 | D        | Found a hazy altar of Hepliaklqana.
   265 | D        | Found a viscous altar of Jiyva.
   266 | D        | Found an ancient bone altar of Kikubaaqudgha.
   267 | D        | Found a corrupted altar of Lugonu.
   268 | D        | Found a burning altar of Makhleb.
   269 | D        | Found a sparkling altar of Nemelex Xobeh.
   270 | D        | Found an iron altar of Okawaru.
   271 | D        | Found a stormy altar of Qazlal.
   272 | D        | Found a sacrificial altar of Ru.
   273 | D        | Found a shimmering blue altar of Sif Muna.
   274 | D        | Found a bloodstained altar of Trog.
   275 | D        | Found a hide-covered altar of Uskayaw.
   276 | D        | Found a radiant altar of Vehumet.
   277 | D        | Found an ornate altar of the Wu Jian Council.
   278 | D        | Found a shimmering altar of Xom.
   279 | D        | Found a basalt altar of Yredelemnul.
   280 | D        | Found a glowing silver altar of Zin.
   281 | D        | Found a glowing golden altar of the Shining One.
   322 | D        | Noticed a troll
   322 | D        | Noticed an orc warrior
   322 | D        | Noticed an acid dragon
   326 | D        | Reached **** piety under Trog
   327 | D        | Reached skill level 10 in Fighting
   327 | D        | Reached skill level 10 in Long Blades
   329 | D        | Reached XP level 6. HP: 67/67 MP: 5/5
   331 | D        | Killed a troll
   335 | D        | Killed an orc warrior
   336 | D        | Reached XP level 7. HP: 53/78 MP: 6/6
   337 | D        | Reached ***** piety under Trog
   339 | D        | HP: 3/79 [wight/+1 mace (7)]
   340 | D        | Slain by a wight

Illustrated notes

Levels and vault maps discovered:
D:        linesprint [early_d, line_temple, items_1, d_10, items_2, lair_1,
          lair_end, items_3, orc_1, orc_end, items_4, d_15, swamp_1, shoals_1,
          snake_1, spider_1, d_20, vaults_1, items_5, swamp_end, shoals_end,
          snake_end, spider_end, vaults_end, d_27, items_6, zot_1, zot_end,
          crypt_end, forest_end, elf_end, slime_end, tomb_end, abyss_end,
          pan_hell_end]

Skill      XL: |  1  2  3  4  5  6  7 |
---------------+----------------------+-----
Fighting       | 6 7 9 10 12 13 | 13.1
Long Blades    | 6 7 9 10 12 13 | 13.2
Armour         | 3 4 5 6 7 |  7.0
Dodging        | |  2.1

Action                   |  1- 3 |  4- 6 |  7- 9 || total
-------------------------+-------+-------+-------++-------
Melee: Falchion          |    23 |     4 |       ||    27
       Headbutt          |     1 |     4 |       ||     5
       Scimitar          |       |    10 |     4 ||    14
Invok: Berserk           |     1 |     1 |       ||     2
Armor: Animal skin       |     8 |       |       ||     8
Dodge: Dodged            |    20 |     4 |       ||    24
